 Dungeon Crawl Stone Soup version 0.29.1-15-g9cfb28693d (webtiles) character file.

Game seed: 2347667769421139710

240 Heoruswealwe the Magician (level 5, -2/28 HPs)
             Began as a Deep Elf Earth Elementalist on Apr 26, 2023.
             Was a Believer of Jiyva.
             Slain by a manticore (10 damage)
             ... on level 7 of the Dungeon.
             The game lasted 00:07:34 (659 turns).

Heoruswealwe the Magician (DEEE)                     Turns: 659, Time: 00:07:35

Health: -2/28      AC:  2    Str:  5    XL:     5   Next: 79%
Magic:  14/15      EV: 12    Int: 22    God:    Jiyva [**....]
Gold:   52         SH:  0    Dex: 15    Spells: 13/16 levels left

rFire   . . .      SeeInvis .   f - +0 war axe
rCold   . . .      Faith    .   (no shield)
rNeg    . . .      Spirit   .   c - +0 robe
rPois   .          Reflect  .   (no helmet)
rElec   .          Harm     .   (no cloak)
rCorr   +          Rampage  .   (no gloves)
Will    .....                   (no boots)
Stlth   ++........              (no amulet)
HPRegen 1.05/turn               (no ring)
MPRegen 0.44/turn               (no ring)

@: spiked
A: no striking features
a: Renounce Religion


You were on level 7 of the Dungeon.
You worshipped Jiyva.
Jiyva was pleased with you.
You visited 1 branch of the dungeon, and saw 7 of its levels.

You collected 52 gold pieces.

Inventory:

Hand Weapons
 f - a +0 war axe (weapon)
Armour
 c - a +0 robe (worn)
 e - a +0 robe
Wands
 a - a wand of charming (11)
Scrolls
 d - a scroll of blinking
Potions
 b - a potion of magic


   Skills:
 - Level 2.4 Dodging
 - Level 2.4 Stealth
 + Level 6.1 Spellcasting
 - Level 1.1 Transmutations
 + Level 5.6 Earth Magic


You had 13 spell levels left.
You knew the following spells:

 Your Spells              Type           Power      Damage    Failure   Level
a - Sandblast             Erth           62%        2d14      1%          1
z - Passwall              Tmut/Erth      17%        N/A       3%          2

Your spell library contained the following spells:

 Spells                   Type           Power      Damage    Failure   Level
 Stone Arrow              Conj/Erth      38%        3d9       9%          3
 Petrify                  Tmut/Erth      21%        N/A       22%         4


Dungeon Overview and Level Annotations

Branches:
Dungeon (7/15)
 Temple: D:4-7

Altars:
Jiyva


Message History

You kill the ogre!
Your Spellcasting skill increases to level 6!
You see here a +0 giant club.
You hear a distant slurping noise.
Things that are here:
a +0 dagger; an orc corpse
There is an escape hatch in the floor here.
You slide downwards.
The hatch slams shut behind you.
Found a scroll labelled YSMEUZXABBE.
Jiyva is now protecting you from corrosive effects.
Found an escape hatch in the floor.
f - a scroll labelled YSMEUZXABBE
As you read the scroll labelled YSMEUZXABBE, it crumbles to dust.
It is a scroll of identify.
You don't have any unidentified items.
Found a stone staircase leading up.
There is an escape hatch in the floor here.
There is an escape hatch in the floor here.
You slide downwards.
The hatch slams shut behind you.
Found a war axe.
Found a stone staircase leading down.
You see here a +0 war axe.
f - a +0 war axe
f - a +0 war axe (weapon)
There is a stone staircase leading down here.
You climb downwards.
There is a stone staircase leading up here.
You open the door.
A manticore comes into view.
The blast of sand hits the manticore!
The manticore is moderately wounded.
The manticore flicks its tail.
The volley of spikes hits you!
The barbed spikes become lodged in your body.
The blast of sand hits the manticore!
The manticore is moderately wounded.
The manticore bites you!
* * * LOW HITPOINT WARNING * * *
The manticore claws you!
You die...

...............
####......#
..#.#....#
#.#.#.#.#######
##.#...#......<#
#....###########
####.# #.# #@#
#H# ... #....
...... ########


You could see a manticore.

Vanquished Creatures
  An ogre (D:4)
  A necrophage (D:4)
  A hound (D:4)
  An orc priest (D:4)
  An orc wizard (D:4)
  A dart slug (D:2)
  2 orcs (D:4)
  A goblin (D:4)
  2 hobgoblins (D:1)
  A quokka (D:1)
  2 ball pythons
  A frilled lizard (D:2)
  2 rats
17 creatures vanquished.

Vanquished Creatures (others)
  2 endoplasms (D:4)
  A goblin (D:2)
  A rat (D:2)
  3 withered plants (D:1)
7 creatures vanquished.

Grand Total: 24 creatures vanquished

Notes
Turn   | Place    | Note
-------+----------+-------------------------------------------
     0 | D:1      | Heoruswealwe the Deep Elf Earth Elementalist began the
                  | quest for the Orb.
     0 | D:1      | Reached XP level 1. HP: 10/10 MP: 6/6
   236 | D:1      | Found a faded altar of an unknown god.
   303 | D:1      | Prayed at the altar of an unknown god.
   303 | D:1      | Became a worshipper of Jiyva Jaife the Shapeless
   303 | D:1      | Reached * piety under Jiyva
   363 | D:2      | Reached XP level 2. HP: 15/15 MP: 5/8
   366 | D:2      | Learned a level 2 spell: Passwall
   485 | D:4      | Reached skill level 4 in Spellcasting
   485 | D:4      | Reached XP level 3. HP: 12/19 MP: 6/10
   519 | D:4      | Reached XP level 4. HP: 11/24 MP: 9/12
   520 | D:4      | Reached skill level 5 in Spellcasting
   555 | D:4      | Noticed a necrophage
   560 | D:4      | Noticed an ogre
   563 | D:4      | Killed a necrophage
   564 | D:4      | Reached skill level 5 in Earth Magic
   564 | D:4      | Reached XP level 5. HP: 14/28 MP: 11/15
   581 | D:4      | Killed an ogre
   582 | D:4      | Reached skill level 6 in Spellcasting
   604 | D:5      | Entered Level 5 of the Dungeon
   608 | D:5      | Reached ** piety under Jiyva
   657 | D:7      | Noticed a manticore
   659 | D:7      | Slain by a manticore

Illustrated notes

Levels and vault maps discovered:
D:1:      minmay_arrival_doors, layout_basic, ebering_ecumenical_altar_petrified
D:2:      layout_loops_cross, minmay_misc_feat_enclosed
D:3:      layout_basic, tso_altar, serial_aquarium, aquarium_bridge_square
          [aquarium_subvault_bridge, aquarium_subvault_balcony,
          aquarium_subvault_bridge, aquarium_subvault_bridge],
          aquarium_window_corner, aquarium_window_2, aquarium_window_corner,
          aquarium_window_fake, aquarium_view_2b, aquarium_balcony_3b,
          aquarium_pool_corner, uniq_robin
D:4:      layout_loops_ring, grunt_ministairs_7, nrook_loot_triangle, uniq_ijyb
D:5:      layout_loops_ring, serial_bayou_pond_e, minmay_stone_trees_small,
          uniq_menkaure
D:6:      cheibrodos_fzero, layout_loops_ring, minitemple,
          minmay_temple_entry_glass, serial_shops, nicolae_shop_stone
D:7:      layout_basic, ashenzari_conservatory_becter,
          eat_drink_and_be_merry_uskayaw, fountainhead

Skill      XL: |  1  2  3  4  5 |
---------------+----------------+-----
Spellcasting   | 4 5 6 |  6.1
Earth Magic    | 4 5 |  5.6
Dodging        | |  2.4
Stealth        | |  2.4
Transmutations | |  1.1

Action                   |  1- 3 |  4- 6 || total
-------------------------+-------+-------++-------
Melee: Unarmed           |    26 |       ||    26
 Cast: Sandblast         |    22 |    12 ||    34
  Use: Scroll            |     2 |     1 ||     3
       Potion            |     2 |       ||     2
Armor: Robe              |     2 |     1 ||     3
Dodge: Dodged            |     5 |     4 ||     9
